 Dungeon Crawl Stone Soup version 0.30-a0-591-g3c58d2bc28 (webtiles) character file.

Game seed: 7493840258447100143

26950 Pooter the Severer (level 13, -10/177 HPs)
             Began as a Minotaur Berserker on Jan 5, 2023.
             Was a High Priest of Trog.
             Mangled by a komodo dragon (28 damage)
             ... on level 4 of the Lair of Beasts.
             The game lasted 01:11:36 (13844 turns).

Pooter the Severer (Minotaur Berserker)            Turns: 13844, Time: 01:11:37

Health: -10/177    AC:  2    Str: 36    XL:     13   Next: 1%
Magic:  4/12       EV: 11    Int:  7    God:    Trog [*****.]
Gold:   332        SH:  0    Dex: 11    Spells: 12/12 levels left

rFire   . . .      SeeInvis .    a - +1 battleaxe
rCold   . . .      Faith    .    (shield currently unavailable)
rNeg    . . .      Spirit   .    W - +1 scale mail of the Invisible Eyes {*Corrode rPois Str+4 Slay+5}
rPois   +          Reflect  .    X - +2 hat {Int+3}
rElec   .          Harm     .    q - scarf {+Inv}
rCorr   .          Rampage  .    R - +0 pair of gloves
Will    .....                    (no boots) Stlth
                                 Z - amulet of regeneration
HPRegen 1.29/turn                P - ring of poison resistance
MPRegen 0.13/turn                Y - +6 ring of strength

@: berserking (expiring), lethally poisoned (-10 -> -12), corroded, very quick
A: horns 2, retaliatory headbutt
a: Renounce Religion, Evoke Invisibility, Berserk, Trog's Hand, Brothers in Arms


You were on level 4 of the Lair of Beasts.
You worshipped Trog.
Trog was extremely pleased with you.
You visited 2 branches of the dungeon, and saw 14 of its levels.
You also visited: Ossuary.

You collected 810 gold pieces.
You spent 478 gold pieces at shops.

Inventory:

Hand Weapons
 a - a +1 battleaxe (weapon)
   (You found it on level 8 of the Dungeon)
 b - a +0 shortbow
   (You took it off a centaur on level 8 of the Dungeon)
 p - a +0 flail of venom
   (You took it off Edmund on level 4 of the Dungeon)
 s - a +2 antimagic trident
   (You took it off an orc priest on level 7 of the Dungeon)
 E - a +0 morningstar
   (You took it off an orc on level 5 of the Dungeon)
 L - a +0 dire flail
   (You took it off an orc warrior on level 7 of the Dungeon)
 M - a +1 war axe of freezing
   (You took it off an orc on level 4 of the Dungeon)
 S - a +0 sling
   (You took it off a goblin on level 4 of the Dungeon)
Missiles
 k - 9 boomerangs (quivered)
 l - 26 poisoned darts
 r - 2 throwing nets {!f}
 x - 7 atropa-tipped darts
 Q - 78 stones
 T - a curare-tipped dart
 U - 3 javelins
Armour
 q - a scarf of invisibility (worn)
   (You found it on level 4 of the Dungeon)
 G - a +1 chain mail
   (You found it on level 1 of the Dungeon)
 R - a +0 pair of gloves (worn)
   (You found it on level 8 of the Dungeon)
 W - the +1 scale mail of the Invisible Eyes (worn) {*Corrode rPois Str+4 Slay+5}
   (You found it on level 5 of the Dungeon)

   Str:       It affects your strength (+4).
   Slay:      It affects your accuracy & damage with ranged weapons and melee
   (+5).
   rPois:     It protects you from poison.
   *Corrode:  It may corrode you when you take damage.
 X - a +2 hat of intelligence (worn)
   (You took it off Gastronok on level 1 of the Lair of Beasts)
Jewellery
 m - an amulet of reflection
   (You found it on level 3 of the Dungeon)
 F - a ring of protection from fire
   (You bought it in a shop on level 4 of the Dungeon)
 N - a ring of positive energy
   (You took it off a kobold on level 4 of the Dungeon)
 P - a ring of poison resistance (left hand)
   (You found it on level 3 of the Dungeon)
 Y - a +6 ring of strength (right hand)
   (You found it on level 4 of the Lair of Beasts)
 Z - an amulet of regeneration (around neck)
   (You found it on level 1 of the Lair of Beasts)
Wands
 f - a wand of flame (7)
   (You bought it in a shop on level 5 of the Dungeon)
 u - a wand of quicksilver (4)
   (You found it on level 1 of the Lair of Beasts)
 D - a wand of digging (10)
   (You found it on level 5 of the Dungeon)
 H - a wand of polymorph (3)
   (You bought it in a shop on level 5 of the Dungeon)
 O - a wand of charming (4)
   (You found it on level 8 of the Dungeon)
Scrolls
 c - 3 scrolls of immolation {!r}
 g - a scroll of noise {!r}
 t - 2 scrolls of teleportation {@r4}
 w - a scroll of enchant armour
 y - a scroll of silence
 A - 2 scrolls of fear
 B - a scroll of vulnerability {!r}
 C - 2 scrolls of poison
Potions
 d - 4 potions of curing {@q1}
 e - 5 potions of heal wounds {@q2}
 h - 6 potions of mutation {!q}
 j - a potion of flight {unknown}
 n - 2 potions of attraction {!q}
 o - a potion of lignification {!q}
 v - a potion of resistance
 z - a potion of might
 I - a potion of haste {@q3}
 K - 2 potions of invisibility
 V - 11 potions of ambrosia
Miscellaneous
 J - a tin of tremorstones (2/2)
   (You found it on level 9 of the Dungeon)


   Skills:
 + Level 12.0 Fighting
 * Level 16.4 Axes
 * Level 13.3 Ranged Weapons
 - Level 2.4 Armour
 - Level 2.1 Dodging
 + Level 7.5 Evocations


You had 12 spell levels left.
You didn't know any spells.
Your spell library was empty.

Dungeon Overview and Level Annotations

Branches:
Dungeon (10/15)            Temple (0/1) D:7            Lair (4/5) D:10
 Shoals (0/4) Lair:3        Snake (0/4) Lair:3      Ossuary (visited)
  Slime: Lair:4-5       Orc: D:9-12

Altars:
Cheibriados
Dithmenos
Elyvilon
Makhleb
Nemelex Xobeh
Qazlal
Sif Muna
Trog
Vehumet

Shops:
D:4 =   D:5 *   D:9 :

Annotations:
D:7 3 runed translucent doors, SirDiesAlot's ghost, novice DsFE
Lair:3 2 transporters, elongatedgoose's ghost, journeyman SpHu


Innate Abilities, Weirdness & Mutations

You have a pair of horns on your head.
You reflexively headbutt those who attack you in melee.


Message History

You feel yourself moving faster!
You feel mighty! The cane toad stings you.
You puncture the five-headed hydra! You headbutt the five-headed hydra!
The five-headed hydra bites you! The five-headed hydra misses you.
The five-headed hydra bites you!
The five-headed hydra bites you but does no damage.
The five-headed hydra bites you. The cane toad stings you.
You barely miss the five-headed hydra. You headbutt the five-headed hydra!
The cane toad stings you! The five-headed hydra bites you!
* * * LOW HITPOINT WARNING * * *
The five-headed hydra bites you but does no damage.
The five-headed hydra bites you.
* * * LOW HITPOINT WARNING * * *
The five-headed hydra bites you!
* * * LOW HITPOINT WARNING * * *
Your corrosive artefact corrodes you!
The five-headed hydra bites you.
* * * LOW HITPOINT WARNING * * *
You puncture the five-headed hydra! You barely miss the five-headed hydra.
The cane toad stings you!
* * * LOW HITPOINT WARNING * * *
You are poisoned.
The cane toad poisons you! The five-headed hydra bites you.
* * * LOW HITPOINT WARNING * * *
The five-headed hydra bites you but does no damage.
The five-headed hydra barely misses you.
The five-headed hydra misses you.
The five-headed hydra barely misses you.
You puncture the five-headed hydra! You headbutt the five-headed hydra!
You feel very sick.
You puncture the five-headed hydra!
You kill the five-headed hydra!
Trog accepts your kill.
You feel very sick. The cane toad stings you!!
* * * LOW HITPOINT WARNING * * *
Your Fighting skill increases to level 12!
You have reached level 13!
You feel magic returning to you.
a - a +1 battleaxe (weapon)
You feel sick. The cane toad stings you.
* * * LOW HITPOINT WARNING * * *
You slash the cane toad!
You feel very sick.
You slash the cane toad! You headbutt the cane toad.
You feel sick. The cane toad completely misses you.
You chop the cane toad into pieces!!!
You kill the cane toad!
Trog accepts your kill.
You feel sick.
You feel sick. The komodo dragon bites you!!
You die...

....#8....# ...
....#P...P♣~~.....♣.# ..
##[.'...P~#~~.......♣ ...
#...'...~~#~~.♣⌠....♣ ....
##..'...~~#~~.......# #.......
##.#....~#~~......~# #.......
#.#♣....#~......~~# #.......
#.##♣..♣♣.....l.~~# #.......
##.##†'###♣#♣♣@.~## #.......
##..†.#..†..†.~~# #....... #
#....'.††...~~~# #.......
######P...'....~~~~~# #.......
#..#.#♣P..#♣♣♣~~~~~8# #...#...
..#..######♣♣#############..#..##
~...............>......#....#..##
≈~..........................#..##
≈≈~........).....................


You could see a komodo dragon.

Vanquished Creatures
  Gastronok (Lair:1)
  A hydra (Lair:4)
  The ghost of Cheivey the Blocker, a journeyman GnFi of Gozag (D:10)
  An ice dragon (Lair:4)
  A catoblepas (Lair:4)
  3 harpies (Lair:3)
  Pikel (D:4)
  5 elephants (Lair:4)
  5 black mambas
  9 cane toads
  4 komodo dragons
  A rime drake (Lair:2)
  A queen bee (Lair:3)
  3 trolls
  A polar bear (Lair:4)
  A hornet (D:7)
  Prince Ribbit (D:9)
  4 blink frogs (Lair:1)
  Sigmund (D:2)
  A wraith (D:10)
  27 yaks
  2 basilisks
  4 wyverns
  2 vampire mosquitoes (D:10)
  2 steam dragons
  2 nagas (Lair:3)
  Edmund (D:4)
  8 water moccasins
  2 orc warriors
  A sky beast (D:7)
  6 black bears
  6 wolves (Lair:2)
  3 centaurs
  3 lemures (D:3)
  2 kobold brigands (D:8)
  9 bullfrogs
  A necrophage (D:5)
  A gnoll sergeant (D:10)
  7 water moccasin zombies (Ossuary)
  3 scorpions
  34 killer bees
  3 electric eels
  3 howler monkeys
  2 hounds
  A jelly (D:4)
  4 orc priests
  An iron imp (D:10)
  Jessica (D:2)
  A gnoll bouda (D:4)
  6 iguanas
  7 orc wizards
  4 hell rats (Lair:3)
  3 mummies
  Robin (D:2)
  14 gnolls
  5 adders
  4 river rats (Lair:3)
  2 white imps (Lair:4)
  4 adder zombies (Ossuary)
  4 worms
  4 dart slugs
  27 orcs
  11 ball pythons
  8 endoplasms
  3 giant cockroaches
  5 gnoll zombies (Ossuary)
  15 goblins
  7 hobgoblins
  7 jackals (D:4)
  5 quokkas
  8 bats
  3 frilled lizards
  7 hobgoblin zombies (Ossuary)
  15 kobolds
  A kobold zombie (Ossuary)
  3 orc zombies (Ossuary)
  12 rats
383 creatures vanquished.

Vanquished Creatures (collateral kills)
  3 orcs (D:10)
3 creatures vanquished.

Vanquished Creatures (others)
  An orc warrior (D:10)
  12 fungi
  66 plants
79 creatures vanquished.

Grand Total: 465 creatures vanquished

Notes
Turn   | Place    | Note
-------+----------+-------------------------------------------
     0 | D:1      | Pooter the Minotaur Berserker began the quest for the Orb.
     0 | D:1      | Reached XP level 1. HP: 19/19 MP: 0/0
   108 | D:1      | Reached skill level 4 in Axes
   115 | D:1      | Found a faded altar of an unknown god.
   149 | D:1      | Reached XP level 2. HP: 27/27 MP: 1/1
   732 | D:1      | Reached XP level 3. HP: 33/33 MP: 2/2
  1039 | D:2      | Noticed Robin
  1045 | D:2      | Reached ** piety under Trog
  1049 | D:2      | Reached skill level 5 in Axes
  1049 | D:2      | Killed Robin
  1056 | D:2      | Reached XP level 4. HP: 41/41 MP: 3/3
  1265 | D:2      | Noticed Sigmund
  1272 | D:2      | Killed Sigmund
  1273 | D:2      | Reached skill level 5 in Fighting
  1273 | D:2      | Reached skill level 6 in Axes
  1273 | D:2      | Reached XP level 5. HP: 48/48 MP: 4/4
  1448 | D:2      | Noticed Jessica
  1458 | D:2      | Killed Jessica
  1787 | D:3      | Found a white marble altar of Elyvilon.
  1895 | D:3      | Reached skill level 7 in Axes
  1943 | D:3      | Reached XP level 6. HP: 56/56 MP: 5/5
  2443 | D:3      | Found a sparkling altar of Nemelex Xobeh.
  2529 | D:4      | Found a radiant altar of Vehumet.
  2546 | D:4      | Found Puaf Hubb's Jewellery Shoppe.
  2614 | D:4      | Noticed Edmund
  2616 | D:4      | Reached skill level 8 in Axes
  2637 | D:4      | HP: 1/57 [lemure[Pikel] (7)]
  2763 | D:4      | Reached XP level 7. HP: 63/63 MP: 6/6
  2947 | D:4      | Noticed Pikel
  2959 | D:4      | Killed Pikel
  2960 | D:4      | Reached skill level 9 in Axes
  3075 | D:4      | Reached XP level 8. HP: 65/71 MP: 7/7
  3097 | D:4      | Killed Edmund
  3098 | D:4      | Reached skill level 1 in Evocations
  3250 | D:4      | Found a bloodstained altar of Trog.
  3320 | D:4      | Found a stormy altar of Qazlal.
  3339 | D:4      | Reached *** piety under Trog
  3604 | D:5      | Entered Level 5 of the Dungeon
  3659 | D:5      | Found a sand-covered staircase.
  3667 | Ossuary  | Entered an ossuary
  3797 | Ossuary  | Reached skill level 10 in Axes
  3797 | Ossuary  | Reached skill level 5 in Ranged Weapons
  3957 | Ossuary  | Reached **** piety under Trog
  4178 | D:5      | Reached XP level 9. HP: 72/80 MP: 8/8
  4184 | D:5      | Identified the +1 scale mail of the Invisible Eyes
                  | {*Corrode rPois Str+4 Slay+5}
  4220 | D:5      | Found a shadowy altar of Dithmenos.
  4227 | D:5      | Found a shimmering blue altar of Sif Muna.
  4280 | D:5      | Found Tuamofuth's Gadget Gallery.
  4288 | D:5      | Bought a wand of flame (12) for 92 gold pieces
  4288 | D:5      | Bought a wand of polymorph (4) for 61 gold pieces
  5786 | D:7      | Reached skill level 11 in Axes
  6021 | D:7      | Found a runed translucent gate.
  6021 | D:7      | Found a runed translucent gate.
  6021 | D:7      | Found a runed translucent gate.
  6022 | D:7      | Noticed SirDiesAlot's ghost (novice DsFE)
  6023 | D:7      | Noticed a kobold demonologist
  6171 | D:7      | Found a staircase to the Ecumenical Temple.
  7782 | D:9      | Noticed Prince Ribbit
  7789 | D:9      | Killed Prince Ribbit
  7884 | D:9      | Reached XP level 10. HP: 86/90 MP: 9/9
  7930 | D:9      | Reached skill level 12 in Axes
  8381 | D:9      | Found Ysyje Hie's Book Emporium.
  8511 | D:10     | Entered Level 10 of the Dungeon
  8643 | D:10     | Found a snail-covered altar of Cheibriados.
  8880 | D:10     | Found a runed translucent gate.
  8881 | D:10     | Found a runed translucent gate.
  8883 | D:10     | Found a runed translucent gate.
  8884 | D:10     | Noticed Cheivey's ghost (journeyman GnFi)
  8897 | D:10     | Killed Cheivey's ghost
  8898 | D:10     | Reached skill level 13 in Axes
  9070 | D:10     | Found a staircase to the Lair.
  9093 | D:10     | Reached skill level 5 in Evocations
  9298 | D:10     | Found a burning altar of Makhleb.
  9730 | D:4      | Bought a ring of protection from fire for 325 gold pieces
  9873 | Lair:1   | Entered Level 1 of the Lair of Beasts
  9878 | Lair:1   | Noticed Gastronok
  9895 | Lair:1   | Killed Gastronok
  9896 | Lair:1   | Reached skill level 10 in Ranged Weapons
  9896 | Lair:1   | Reached XP level 11. HP: 81/99 MP: 10/10
 10050 | Lair:1   | Reached skill level 10 in Fighting
 10208 | Lair:1   | You fall into a shaft and drop 1 floor!
 10332 | Lair:1   | Reached skill level 14 in Axes
 11518 | Lair:2   | Reached XP level 12. HP: 86/108 MP: 11/11
 11825 | Lair:3   | Reached skill level 15 in Axes
 12008 | Lair:3   | Noticed elongatedgoose's ghost (journeyman SpHu)
 12021 | Lair:3   | Found a transporter.
 12029 | Lair:3   | Found a transporter.
 12035 | Lair:3   | Found a bloodstained altar of Trog.
 12191 | Lair:3   | Reached ***** piety under Trog
 12556 | Lair:3   | Found a staircase to the Snake Pit.
 12624 | Lair:3   | Found a staircase to the Shoals.
 13292 | Lair:4   | Noticed a death yak
 13292 | Lair:4   | Noticed a death yak
 13372 | Lair:4   | Reached skill level 16 in Axes
 13436 | Lair:4   | Noticed a catoblepas
 13450 | Lair:4   | Killed a catoblepas
 13574 | Lair:4   | Noticed an ice dragon
 13587 | Lair:4   | Killed an ice dragon
 13830 | Lair:4   | Noticed a five-headed hydra
 13839 | Lair:4   | Killed a five-headed hydra
 13840 | Lair:4   | Reached XP level 13. HP: 26/118 MP: 4/12
 13844 | Lair:4   | Mangled by a komodo dragon

Illustrated notes

Levels and vault maps discovered:
D:1:      minmay_arrival_stone_box, layout_basic,
          ebering_ecumenical_altar_sacrificial, minmay_misc_feat_room
D:2:      layout_loops_cross, uniq_sigmund, uniq_jessica, uniq_robin
D:3:      layout_loops_cross, mainiacjoe_overflow_swirl
D:4:      layout_cave_pools, fiery_altar_vehumet,
          mainiacjoe_overflow_large_starburst, serial_shops, nicolae_shop_stone,
          minmay_misc_feat_hallway, minivault_4, uniq_edmund, uniq_pikel
D:5:      layout_cave_pools, chequers_temple_overflow_statue_of_worship,
          gup_ossuary_entry_pyramid, dk_noncrumbling_2, nicolae_shop_gadgets
D:6:      layout_loops_corners, serial_aquarium, aquarium_bridge_square
          [aquarium_subvault_bridge, aquarium_subvault_bridge,
          aquarium_subvault_bridge, aquarium_subvault_bridge],
          aquarium_bridge_square [aquarium_subvault_bridge,
          aquarium_subvault_bridge, aquarium_subvault_bridge,
          aquarium_subvault_bridge], aquarium_window_fake, aquarium_window_1,
          aquarium_view_2f, aquarium_view_2e, aquarium_pool_split
D:7:      layout_gridville, minmay_temple_entry_crystal_x,
          gammafunk_ghost_nasty_kobolds
D:8:      layout_basic, serial_bayou, serial_bayou_lagoon_a,
          serial_bayou_ford_a, serial_bayou_pond_a, serial_bayou_shore_b,
          minmay_misc_feat_enclosed, kennysheep_nub, minmay_parallelograms
D:9:      layout_big_octagon, serial_shops, nicolae_shop_waterfront,
          minivault_25, kennysheep_another_room, uniq_prince_ribbit1
D:10:     layout_basic, mainiacjoe_overflow_surrounded_room, slow_altar_1,
          david_lair_shrubbed, ebering_ghost_rock_garden
Lair:1:   layout_cave_pods, uniq_gastronok
Lair:2:   layout_small_grid, nicolae_quartered_pool_little
Lair:3:   layout_long_grid, nicolae_shoals_entry_roost,
          guppyfry_snake_entry_garden, special_room [special_room_bee],
          gammafunk_ghost_wrathful_warriors, kennysheep_abandoned_house,
          infiniplex_staircase_pool
Lair:4:   cheibrodos_lair_overgrown_chateau, layout_gridlike,
          bobbens_ice_dragon_lair

Skill      XL: |  1  2  3  4  5  6  7  8  9 10 11 12 |
---------------+-------------------------------------+-----
Axes           | 4 5 6 7 8 9 10 11 13 14 16 | 16.4
Fighting       | 4 5 6 7 8 9 10 12 | 12.0
Ranged Weapons | 3 5 7 10 11 13 | 13.3
Evocations     | 2 3 5 6 7 |  7.5
Armour         | |  2.4
Dodging        | |  2.1

Action                   |  1- 3 |  4- 6 |  7- 9 | 10-12 | 13-15 || total
-------------------------+-------+-------+-------+-------+-------++-------
Melee: Hand axe          |    76 |    90 |       |       |       ||   166
       Headbutt          |    10 |    19 |    46 |    73 |     1 ||   149
       Punch             |       |     3 |     3 |       |       ||     6
       Flail             |       |     2 |    12 |    19 |       ||    33
       War axe           |       |       |   203 |       |       ||   203
       Whip              |       |       |     9 |       |       ||     9
       Battleaxe         |       |       |    31 |   315 |     3 ||   349
       Trident           |       |       |       |     6 |       ||     6
 Fire: Sling             |       |       |    46 |       |       ||    46
       Shortbow          |       |       |     6 |    93 |       ||    99
Throw: Boomerang         |       |     4 |     2 |     1 |       ||     7
       Dart              |       |     2 |     3 |    18 |       ||    23
       Stone             |       |       |     1 |       |       ||     1
       Javelin           |       |       |       |     2 |       ||     2
Invok: Berserk           |     1 |     2 |    14 |    13 |       ||    30
       Trog's Hand       |       |     4 |     8 |    15 |       ||    27
Evoke: Wand              |       |       |     5 |     3 |       ||     8
  Use: Scroll            |     1 |     1 |    12 |     8 |       ||    22
 Stab: Distracted        |       |       |       |     1 |       ||     1
Armor: Chain mail        |    49 |    35 |    52 |       |       ||   136
       Scale mail        |       |       |    28 |   106 |       ||   134
Dodge: Dodged            |    37 |    39 |    88 |   190 |     1 ||   355
Block: Other             |       |    24 |    60 |    25 |       ||   109
       Reflection        |       |     1 |     6 |       |       ||     7

Table legend: (Time is in decaauts)
 A = Elapsed time spent in this place.
 B = Non-inter-level travel time spent in this place.
 C = Inter-level travel time spent in this place.
 D = Time resting spent in this place.
 E = Time spent auto-exploring this place.
 F = Levels seen in this place.
 G = Mean time per level.
                   A        B        C        D        E       F      G
               +--------+--------+--------+--------+--------+-----+--------+
         Total |  14117 |  13538 |    579 |   2461 |   8497 |  15 |  941.1 |
       Dungeon |   9774 |   9280 |    494 |   1797 |   5908 |  10 |  977.4 |
          Lair |   3993 |   3909 |     84 |    509 |   2568 |   4 |  998.2 |
       Ossuary |    349 |    349 |      0 |    155 |     20 |   1 |  349.0 |
               +--------+--------+--------+--------+--------+-----+--------+

Top non-repeatable levels by time:
  Lair:3: 1419 daAuts
     D:8: 1273 daAuts
    D:10: 1127 daAuts
  Lair:2: 1117 daAuts
     D:1: 1066 daAuts
     D:3: 1034 daAuts
     D:7: 1025 daAuts
     D:6: 989 daAuts
     D:4: 954 daAuts
     D:9: 942 daAuts
  Lair:1: 813 daAuts
     D:5: 704 daAuts
     D:2: 654 daAuts
  Lair:4: 643 daAuts
 Ossuary: 349 daAuts
